 Dungeon Crawl Stone Soup version 0.11.3 (console) character file.

1679 Kellhus the Slicer (level 8, -1/58 HPs)
             Began as a Mummy Chaos Knight on Jan 21, 2015.
             Was a Plaything of Xom.
             Slain by a yellow wasp (11 damage)
             ... on Level 7 of the Dungeon.
             The game lasted 00:20:34 (7568 turns).

Kellhus the Slicer (Mummy Chaos Knight)             Turns: 7568, Time: 00:20:36

HP  -1/58        AC  7     Str 17      XL: 8   Next: 42%
MP   8/8         EV 10     Int 11      God: Xom
Gold 286         SH  0     Dex 11      Spells:  0 memorised,  7 levels left

Res.Fire  : x . .   See Invis. : .   b - +0 orc blowgun
Res.Cold  : + . .   Warding    : .   q - +2 leather armour
Life Prot.: + + +   Conserve   : .   (no shield)
Res.Poison: +       Res.Corr.  : .   m - +0 visored helmet
Res.Elec. : .       Clarity    : .   (no cloak)
Sust.Abil.: . .     Spirit.Shd : .   l - +0 pair of gloves (curse)
Res.Mut.  : .       Stasis     : .   (no boots)
Res.Rott. : +       Ctrl.Telep.: .   (no amulet)
Saprovore : . . .   Levitation : .   (no ring) Ctrl.Flight: .
                                     (no ring)

@: somewhat resistant to hostile enchantments, very unstealthy
A: no food or potions, fire vulnerability, restore body, cold resistance 1, life
protection 3, poison resistance, torment resistance, unbreathing
a: Renounce Religion


You were on level 7 of the Dungeon.
You worshipped Xom.
You were a beloved toy of Xom.
You were not hungry.

You visited 1 branch of the dungeon, and saw 7 of its levels.
You also visited: Sewer.

You collected 266 gold pieces.

Inventory:

Hand weapons
 a - a +1,+2 dwarven short sword of electrocution
 b - a +0 orcish blowgun (weapon)
 c - the +1,+6 dagger of Patience {stab, *Rage Int+2}
   (You found it on level 4 of the Dungeon)

   It inflicts extra damage upon your enemies.
   It affects your intelligence (+2).
   It makes you angry.
 j - a +0,+0 orcish dagger of flaming
 p - a +5,+1 dagger of protection
 s - a +2,+2 mace
Missiles
 t - 34 poisoned needles (quivered)
Armour
 l - a cursed +0 pair of gloves (worn)
 m - a +0 visored helmet (worn)
 q - a +2 leather armour (worn)
 x - a +0 orcish plate armour
Scrolls
 d - 2 scrolls of recharging {unknown}
 e - 2 scrolls of magic mapping
 f - 6 scrolls of identify
 g - 4 scrolls of remove curse
 h - a scroll of curse weapon {unknown}
 i - 2 scrolls of random uselessness
 k - 2 scrolls of amnesia {unknown}
 n - a scroll of enchant weapon I {unknown}
 o - a scroll of noise {unknown}
 r - a scroll of teleportation {unknown}
 u - a scroll of immolation {unknown}
 v - a scroll of curse jewellery {unknown}
 w - a scroll of enchant weapon III {unknown}


   Skills:
 - Level 3.0 Fighting
 + Level 8.2 Short Blades
 - Level 2.5 Maces & Flails
 - Level 1.5 Armour
 - Level 0.7 Dodging


You had 7 spell levels left.
You didn't know any spells.

Dungeon Overview and Level Annotations

Branches:
Dungeon (7/27)             Temple (0/1) D:4             Orc (0/4) D:6

Altars:
Elyvilon
Fedhas
Kikubaaqudgha
Trog
Vehumet
Zin
the Shining One

Shops:
D:6: * D:7: [


Innate Abilities, Weirdness & Mutations

You do not eat or drink.
Your flesh is vulnerable to fire.
Your flesh is cold resistant.
You are immune to negative energy.
Your system is resistant to poisons.
You are immune to unholy pain and torment.
You can survive without breathing.


Message History

Firing (i - inventory. (,) - cycle):
t - 36 poisoned needles (quivered)
Press: ? - help, Shift-Dir - straight line, f - yellow wasp
Aim: a yellow wasp (moderately wounded)
You shoot a poisoned needle.
The poisoned needle hits the yellow wasp.
The yellow wasp is poisoned.
The yellow wasp is moderately wounded.
The yellow wasp closely misses you.
Firing (i - inventory. (,) - cycle):
t - 35 poisoned needles (quivered)
Press: ? - help, Shift-Dir - straight line, f/p - yellow wasp
Aim: a yellow wasp (moderately wounded, poisoned)
You shoot a poisoned needle.
The poisoned needle hits the yellow wasp.
The yellow wasp looks even sicker.
The yellow wasp is moderately wounded.
The yellow wasp stings you.
* * * LOW HITPOINT WARNING * * *
The yellow wasp stings you!
You die...
Xom roars with laughter!

..................
.....................
......................
...........!...........
...........#............
...........
##........... ...%......
##.........# #.......)##
##.......## #.....y@.##
##.........#
##.....(..###...........
##........#............
##....[...............
##...................
##....(.............
##.................
##.....!..........
##...............


You could see a yellow wasp.

Vanquished Creatures
  An orc warrior (D:5)
  2 ogres (D:6)
  A centaur (D:6)
  A phantom (D:5)
  A water moccasin (D:7)
  2 giant frogs
  2 crimson imps
  A quasit (D:2)
  2 hounds
  An orc priest (D:6)
  2 iguanas
  2 orc wizards
  5 worker ants
  A hound skeleton (D:6)
  Ijyb (D:6)
  Jessica (D:3)
  A mummy (D:7)
  10 adders
  3 gnolls (D:4)
  A green rat (D:4)
  A lemure (D:6)
  3 giant mites
  An adder skeleton (D:5)
  A worm (D:4)
  A bat zombie (D:5)
  6 giant geckos
  9 orcs
  6 ball pythons
  9 giant cockroaches
  A grey rat (D:4)
  8 hobgoblins
  13 jackals
  14 kobolds
  3 oozes
  3 quokkas
  18 bats
  A giant gecko skeleton (D:5)
  7 giant newts
  13 goblins
  An orc zombie (D:5)
  18 rats
  2 plants
  3 toadstools (D:6)
183 creatures vanquished.

Vanquished Creatures (others)
  A human (D:4)
  A dancing weapon (D:5)
  9 toadstools
11 creatures vanquished.

Grand Total: 194 creatures vanquished

Notes
Turn   | Place    | Note
--------------------------------------------------------------
     0 | D:1      | Kellhus, the Mummy Chaos Knight, began the quest for the Orb.
     0 | D:1      | Reached XP level 1. HP: 16/16 MP: 1/1
   129 | D:1      | Reached skill level 1 in Short Blades
   183 | D:1      | XOM: miscast effect
   284 | D:1      | XOM: miscast effect
   302 | D:1      | Reached XP level 2. HP: 22/22 MP: 2/2
   494 | D:1      | XOM: divination: detect creatures
   498 | D:1      | XOM: miscast effect
   559 | D:1      | XOM: miscast effect
  1013 | D:2      | Reached XP level 3. HP: 24/28 MP: 3/3
  1181 | D:2      | XOM: miscast effect
  1351 | D:2      | XOM: divination: detect creatures
  1414 | D:2      | XOM is BORED!
  1414 | D:2      | XOM: summons 1 hostile demon
  1451 | D:2      | Reached XP level 4. HP: 27/34 MP: 4/4
  1879 | D:2      | XOM: divination: detect creatures
  1894 | D:2      | XOM: stat loss: -2 Str (14/16)
  2077 | D:3      | XOM: 3-stop teleportation journey
  2125 | D:3      | Found a glowing golden altar of the Shining One.
  2134 | D:3      | Found a white marble altar of Elyvilon.
  2135 | D:3      | Found a glowing silver altar of Zin.
  2469 | D:3      | Noticed Jessica
  2478 | D:3      | XOM: divination: detect items
  2482 | D:3      | Killed Jessica
  2482 | D:3      | Reached XP level 5. HP: 39/39 MP: 5/5
  2883 | D:4      | Reached skill level 4 in Short Blades
  2891 | D:4      | Got a steaming dagger
  2892 | D:4      | Identified the dagger of Patience {stab, *Rage Int+2} (You found it on level 4 of the Dungeon)
  2925 | D:4      | Found an ancient bone altar of Kikubaaqudgha.
  2926 | D:4      | Noticed a human
  2928 | D:4      | Killed a human
  2987 | D:4      | Found a bloodstained altar of Trog.
  3279 | D:4      | Found a radiant altar of Vehumet.
  3374 | D:4      | XOM: miscast effect
  3514 | D:4      | Found a glowing drain.
  3525 | Sewer    | Entered a sewer
  3533 | Sewer    | Reached XP level 6. HP: 30/46 MP: 6/6
  3875 | Sewer    | XOM: stat loss: -1 Dex (10/11)
  3986 | Sewer    | Reached skill level 5 in Short Blades
  4112 | D:4      | Found a staircase to the Ecumenical Temple.
  4158 | D:5      | Entered Level 5 of the Dungeon
  4303 | D:3      | XOM is BORED!
  4303 | D:3      | XOM: miscast effect
  4426 | D:3      | XOM: miscast effect
  4536 | D:5      | Found a blossoming altar of Fedhas.
  4764 | D:5      | XOM: divination: detect items
  4811 | D:5      | XOM: miscast effect
  5000 | D:5      | XOM: miscast effect
  5043 | D:5      | Found a glowing golden altar of the Shining One.
  5288 | D:6      | Noticed Ijyb
  5297 | D:6      | Killed Ijyb
  5297 | D:6      | Reached skill level 6 in Short Blades
  5301 | D:6      | Reached XP level 7. HP: 48/51 MP: 7/7
  5352 | D:6      | XOM: confuse monster(s)
  5436 | D:6      | XOM: potion effect (brilliance)
  5489 | D:6      | Found Kureid's Assorted Antiques.
  5508 | D:6      | XOM: miscast effect
  5629 | D:6      | Reached skill level 7 in Short Blades
  5878 | D:6      | XOM: miscast effect
  5965 | D:6      | Found a staircase to the Orcish Mines.
  5995 | D:6      | XOM: confuse monster(s)
  6003 | D:6      | XOM: divination: detect creatures
  6015 | D:6      | XOM: confuse monster(s)
  6169 | D:6      | XOM: miscast effect
  6393 | D:6      | Reached XP level 8. HP: 53/58 MP: 8/8
  6556 | D:5      | XOM: stat loss: -2 Int (9/11)
  7252 | D:7      | Found Masunail's Armour Boutique.
  7273 | D:7      | Reached skill level 8 in Short Blades
  7457 | D:7      | XOM: inner flame monster(s)
  7460 | D:7      | XOM: confuse monster(s)
  7548 | D:7      | XOM: polymorph centaur -> yellow wasp
  7568 | D:7      | Slain by a yellow wasp
